 Dungeon Crawl Stone Soup version 0.30-a0-415-g685d318daa (webtiles) character file.

Game seed: 1339045421233756923

125 Gennas the Vexing (level 4, -2/21 HPs)
             Began as a Spriggan Enchanter on Dec 8, 2022.
             Killed by divine providence
             ... invoked by an orc priest
              (13 damage)
             ... on level 3 of the Dungeon.
             The game lasted 00:05:56 (2050 turns).

Gennas the Vexing (Spriggan Enchanter)              Turns: 2050, Time: 00:05:57

Health: -2/21      AC:  4    Str:  4    XL:     4   Next: 82%
Magic:  7/11       EV: 19    Int: 18    God:
Gold:   127        SH:  0    Dex: 30    Spells: 4/12 levels left

rFire   . . .      SeeInvis +    a - +1 dagger
rCold   . . .      Faith    .    (no shield)
rNeg    . . .      Spirit   .    b - +1 robe
rPois   +          Reflect  .    (helmet restricted)
rElec   .          Harm     .    d - +0 cloak of Weiffeiw {Rampage rPois Int+2 Dex+7}
rCorr   .          Rampage  +    (gloves unavailable)
Will    .....                    (boots unavailable)
Stlth   ++++......               (no amulet)
HPRegen 0.23/turn                k - +6 ring of dexterity
MPRegen 0.12/turn                (no ring)

@: very quick
A: very small, no large weapons, unfitting armour, see invisible, speed 3
a: no special abilities


You were on level 3 of the Dungeon.
You visited 1 branch of the dungeon, and saw 3 of its levels.
You also visited: Sewer.

You collected 127 gold pieces.

Inventory:

Hand Weapons
 a - a +1 dagger (weapon)
Armour
 b - a +1 robe (worn)
 d - the +0 cloak of Weiffeiw (worn) {Rampage rPois Int+2 Dex+7}
   (You acquired it on level 1 of the Dungeon)

   Int:       It affects your intelligence (+2).
   Dex:       It affects your dexterity (+7).
   rPois:     It protects you from poison.
   Rampage:   It bestows one free step when moving towards enemies.
 i - a +0 cloak
Jewellery
 k - a +6 ring of dexterity (left hand)
Scrolls
 g - 2 scrolls of teleportation
 o - a scroll of immolation
Potions
 c - 2 potions of invisibility
 e - a potion of resistance {unknown}
 f - 3 potions of might
 h - 2 potions of mutation {unknown}
 j - 2 potions of curing {unknown}
 l - a potion of cancellation {unknown}
 p - 2 potions of flight {unknown}
 r - a potion of ambrosia {unknown}


   Skills:
 - Level 1.1 Short Blades
 - Level 2.6 Dodging
 - Level 4.4 Stealth
 + Level 4.8 Spellcasting
 + Level 5.4 Hexes


You had 4 spell levels left.
You knew the following spells:

 Your Spells              Type           Power      Damage    Failure   Level
a - Ensorcelled Hibernat  Hex/Ice        28%        N/A       7%          2
b - Tukima's Dance        Hex            23%        N/A       4%          3
d - Confusing Touch       Hex            23%        N/A       4%          3

Your spell library contained the following spells:

 Spells                   Type           Power      Damage    Failure   Level
 Dazzling Flash           Conj/Hex       28%        N/A       13%         3


Dungeon Overview and Level Annotations

Branches:
Dungeon (3/15)              Sewer (visited)

Altars:


Innate Abilities, Weirdness & Mutations

You are very small and have problems with some larger weapons.
You are too small for most types of armour.
You have supernaturally acute eyesight. (SInv)
You cover ground extremely quickly. (Speed+++)


Message History

You rampage towards the frilled lizard!
The helpless frilled lizard fails to defend itself.
You impale the frilled lizard!!
You kill the frilled lizard!
No target in view!
No target in view!
No target in view!
Found an escape hatch in the floor.
An orc comes into view. It is wielding a +0 short sword.
An orc comes into view. It is wielding a +0 war axe.
Found 13 gold pieces.
The orc shouts!
You hear a shout! x2
An orc priest comes into view. It is wielding a +0 club.
You rampage towards the orc!
The orc shouts!
You hit the orc but do no damage. The orc completely misses you.
You hit the orc but do no damage. The orc barely misses you.
An orc comes into view. It is wielding a +0 dagger.
Casting: Ensorcelled Hibernation (safe; 7% risk of failure)
Confirm with . or Enter, or press ? or * to list all spells.
Aiming: Ensorcelled Hibernation (safe; 7% risk of failure)
Press: ? - help, Shift-Dir - straight line, f - orc
Aim: an orc, wielding a +0 short sword and wearing a +0 scale mail (chance to affect: 65%)
The orc looks drowsy...
Unknown command.
The helpless orc fails to defend itself.
You impale the orc!!
You kill the orc!
The orc priest mumbles some strange prayers to Beogh against you.
Beogh smites you!
Casting: Ensorcelled Hibernation (safe; 7% risk of failure)
Confirm with . or Enter, or press ? or * to list all spells.
Aiming: Ensorcelled Hibernation (safe; 7% risk of failure)
Press: ? - help, Shift-Dir - straight line, f - orc
Aim: an orc, wielding a +0 war axe (chance to affect: 65%)
The orc looks drowsy...
The orc priest mumbles some strange prayers to Beogh against you.
Beogh smites you!
Ouch! That really hurt!
You die...

#.# # #.# # #.# # #.#
# ##### #####.# # ...#
#...#.### #
#.#####........
#..#####.........#.###
#$o.o@....########.#
#o#######.# #.# #.#
#># #.# #.# #.# #.#
#.. #.# ... ..#


You could see an orc priest and 2 orcs.

Vanquished Creatures
  An orc priest (D:3)
  A river rat (Sewer)
  2 adders (Sewer)
  2 worms
  3 orcs (D:3)
  6 bats
  4 endoplasms
  4 giant cockroaches
  5 goblins
  7 hobgoblins (D:1)
  2 jackals (D:2)
  A quokka (D:1)
  5 ball pythons
  8 frilled lizards
  A kobold (D:1)
  9 rats
61 creatures vanquished.

Notes
Turn   | Place    | Note
-------+----------+-------------------------------------------
     0 | D:1      | Gennas the Spriggan Enchanter began the quest for the Orb.
     0 | D:1      | Reached XP level 1. HP: 9/9 MP: 5/5
   161 | D:1      | Identified a scroll of acquirement
   161 | D:1      | Acquired the +0 cloak of Weiffeiw {Rampage rPois Int+2
                  | Dex+7}
   181 | D:1      | Reached skill level 4 in Hexes
   189 | D:1      | Reached XP level 2. HP: 13/13 MP: 7/7
   192 | D:1      | Learned a level 2 spell: Ensorcelled Hibernation
   827 | D:1      | Reached XP level 3. HP: 16/16 MP: 9/9
   831 | D:1      | Learned a level 3 spell: Tukima's Dance
   835 | D:1      | Learned a level 3 spell: Confusing Touch
   963 | D:2      | Found a faded altar of an unknown god.
  1468 | D:3      | Reached skill level 5 in Hexes
  1468 | D:3      | Reached XP level 4. HP: 21/21 MP: 11/11
  1540 | D:3      | Found a glowing drain.
  1569 | Sewer    | Entered a sewer
  2050 | D:3      | Killed from afar by an orc priest

Illustrated notes

Levels and vault maps discovered:
D:1:      mrwooster_arrival_statue, layout_loops_corners, minmay_close_crescents
D:2:      layout_loops_ring, chequers_ecumenical_altar_island
D:3:      layout_loops_ring, cheibrodos_sewer_entry_drain, serial_shops,
          nicolae_shop_overgrown_old_shop, uniq_robin

Skill      XL: |  1  2  3 |
---------------+----------+-----
Spellcasting   | 3 4 |  4.8
Hexes          | 4 5 |  5.4
Short Blades   | |  1.1
Dodging        | |  2.6
Stealth        | |  4.4

Action                   |  1- 3 |  4- 6 || total
-------------------------+-------+-------++-------
Melee: Dagger            |    73 |    57 ||   130
 Cast: Ensorcelled Hiber |       |    14 ||    14
  Use: Scroll            |     5 |     4 ||     9
 Stab: Sleeping          |    23 |    12 ||    35
Armor: Robe              |     1 |     7 ||     8
Dodge: Dodged            |    42 |    54 ||    96

Table legend: (Time is in decaauts)
 A = Elapsed time spent in this place.
 B = Non-inter-level travel time spent in this place.
 C = Inter-level travel time spent in this place.
 D = Time resting spent in this place.
 E = Time spent auto-exploring this place.
 F = Levels seen in this place.
 G = Mean time per level.
                   A        B        C        D        E       F      G
               +--------+--------+--------+--------+--------+-----+--------+
         Total |   1451 |   1438 |     13 |      0 |   1041 |   4 |  362.8 |
       Dungeon |   1107 |   1094 |     13 |      0 |    812 |   3 |  369.0 |
         Sewer |    343 |    343 |      0 |      0 |    229 |   1 |  343.0 |
               +--------+--------+--------+--------+--------+-----+--------+

Top non-repeatable levels by time:
     D:1: 616 daAuts
   Sewer: 343 daAuts
     D:2: 330 daAuts
     D:3: 160 daAuts
